 Dungeon Crawl Stone Soup version 0.14-a0-1297-g3d87a2a (webtiles) character file.

10441 Chiseanne the Nimble (level 11, -4/92 HPs)
             Began as a Minotaur Wanderer on Dec 4, 2013.
             Was a High Priest of Okawaru.
             Slain by an eight-headed hydra (6 damage)
             ... on Level 1 of the Lair of Beasts on Dec 5, 2013.
             The game lasted 01:08:34 (15616 turns).

Chiseanne the Nimble (Minotaur Wanderer)           Turns: 15616, Time: 01:08:35

HP  -4/92        AC  9     Str 18      XL: 11   Next: 29%
MP  11/12        EV 18     Int 13      God: Okawaru [*****.]
Gold 511         SH 27     Dex 10      Spells:  3 memorised,  7 levels left

rFire  + . .     SeeInvis .     d - +2,+1 whip (flame)
rCold  + . .     Clarity  .     g - +2 orc leather armour {rC+}
rNeg   . . .     Conserve .     r - +0 shield
rPois  .         rCorr    .     (helmet restricted)
rElec  .         rRot     .     v - +0 cloak
SustAb . .       Spirit   .     n - +0 pair of gloves
rMut   .         Warding  .     (no boots)
Saprov . . .     Stasis   .     (no amulet)
                                (no ring)
                                b - ring of protection from fire

@: heroism, somewhat resistant to hostile enchantments, stealthy
A: retaliatory headbutt, horns 2, clever 1
a: Heroism, Finesse, Renounce Religion


You were on level 1 of the Lair of Beasts.
You worshipped Okawaru.
Okawaru was extremely pleased with you.
You were not hungry.

You visited 3 branches of the dungeon, and saw 13 of its levels.

You collected 549 gold pieces.
You spent 38 gold pieces at shops.

Inventory:

Hand weapons
 a - the +7,+4 dagger of Pyromania {stab, rElec SInv}
   (You took it off a gnoll on level 7 of the Dungeon)

   It inflicts extra damage upon your enemies.
   It insulates you from electricity.
   It enhances your eyesight.
 d - a +2,+1 whip of flaming (weapon)
 s - a +1,+1 war axe of freezing
 w - a +0 blowgun
Missiles
 x - 3 javelins (quivered)
 L - 4 javelins of returning
 N - 7 curare-tipped needles
Armour
 g - a +2 orcish leather armour of cold resistance (worn)
 n - a +0 pair of gloves (worn)
 r - a +0 shield (worn)
 v - a +0 cloak (worn)
Magical devices
 e - a wand of hasting (2)
 B - a wand of confusion (5)
 C - a wand of flame (8)
 D - a wand of magic darts (1)
 G - a wand of paralysis (13)
 K - a wand of teleportation (1)
Comestibles
 j - a meat ration
 J - 7 cheeses
Scrolls
 m - a scroll of magic mapping
 O - a scroll of fog
 P - 2 scrolls of remove curse
Jewellery
 b - a ring of protection from fire (left hand)
 l - an uncursed ring of ice
Potions
 M - 3 potions of curing
Miscellaneous
 k - a stone of tremors (inert)


   Skills:
 * Level 7.1(12.1) Fighting
 * Level 6.2(11.2) Short Blades
   Level 3.4(8.4) Long Blades
 * Level 5.8(10.8) Axes
 * Level 5.8(10.8) Armour
 * Level 10.6(15.6) Dodging
 - Level 1.0(6.0) Stealth
 * Level 10.5(15.5) Shields
 - Level 2.5 Spellcasting
 - Level 2.4 Transmutations
 - Level 3.1 Earth Magic


You had 7 spell levels left.
You knew the following spells:

 Your Spells              Type           Power        Failure   Level  Hunger
a - Passwall              Trmt/Erth      #.........   28%         3    ####...
b - Stoneskin             Trmt/Erth      #.........   14%         2    ###....
c - Stone Arrow           Conj/Erth      #.....       38%         3    ####...


Dungeon Overview and Level Annotations

Branches:
Dungeon (11/16)            Temple (1/1) D:5            Lair (1/8) D:11
    Orc: D:9-12

Altars:
Ashenzari
Cheibriados
Elyvilon
Fedhas
Kikubaaqudgha
Makhleb
Nemelex Xobeh
Okawaru
Sif Muna
Trog
Vehumet
Xom
Yredelemnul
Zin
the Shining One
Lugonu

Shops:
D:7 %

Annotations:
D:3 Chiseanne's ghost, average DgAr
D:8 exclusion: 3 doors


Innate Abilities, Weirdness & Mutations

You reflexively headbutt those who attack you in melee.
You have a pair of horns on your head.
Your mind is acute. (Int +2)


Message History

The eight-headed hydra bites you!
* * * LOW HITPOINT WARNING * * *
You block the eight-headed hydra's attack.
The eight-headed hydra closely misses you.
The eight-headed hydra bites you!
* * * LOW HITPOINT WARNING * * *
The eight-headed hydra bites you.
* * * LOW HITPOINT WARNING * * *
The eight-headed hydra barely misses you.
The eight-headed hydra bites you.
* * * LOW HITPOINT WARNING * * *
Read which item? (? for menu, Esc to quit)
Okay, then.
You hit the eight-headed hydra. You burn the eight-headed hydra.
The eight-headed hydra is severely wounded.
You hit the eight-headed hydra. You burn the eight-headed hydra.
Your headbutt misses the eight-headed hydra.
The eight-headed hydra is severely wounded.
The eight-headed hydra bites you.
You die...

#....# #....##
#....P# #....##
#....# #....## ##
#.....#
.##.###.##....####
...(.(.D@..........
...................
..................
.................
.###############


You could see an eight-headed hydra.

Vanquished Creatures
  The ghost of wojtek the Basher, an experienced MiFi of Makhleb (D:8)
  Pikel (D:9)
  Joseph (D:8)
  An unseen horror (D:10)
  An elephant (D:11)
  A black mamba (Lair:1)
  A troll (D:7)
  5 yaks (D:11)
  2 hungry ghosts
  An elephant slug (D:11)
  Eustachio (D:8)
  A steam dragon (D:10)
  A hill giant skeleton (D:8)
  An ice beast (D:7)
  A human (D:8)
  4 phantoms
  3 slaves (D:9)
  6 orc warriors
  3 centaurs
  2 crocodiles
  4 ogres
  Sigmund (D:6)
  Duvessa (D:8)
  2 big kobolds
  A gnoll sergeant (D:7)
  Blork the orc (D:6)
  2 giant frogs
  A water moccasin (Lair:1)
  2 jellies
  2 killer bees
  A yak zombie (D:9)
  15 wights
  Dowan (D:8)
  2 centaur zombies
  A goliath beetle (D:8)
  2 gnoll shamans
  10 crimson imps
  3 scorpions
  2 centaur skeletons
  8 orc priests
  Crazy Yiuf (D:6)
  4 hounds
  7 orc wizards
  4 iguanas
  11 worker ants
  An ogre zombie (D:6)
  Ijyb (D:7)
  5 sheep
  A hound skeleton (D:6)
  2 mummies
  15 gnolls
  6 green rats (Lair:1)
  A worm zombie (D:7)
  12 adders
  A giant centipede (Lair:1)
  A giant mite (D:8)
  An inept feature mimic (D:5)
  An adder zombie (D:9)
  An iguana skeleton (D:5)
  3 giant eyeballs
  5 giant geckos
  An ooze (D:5)
  43 orcs
  2 ball pythons (D:1)
  6 giant cockroaches
  12 goblins
  19 hobgoblins
  5 jackals
  3 quokkas
  4 training dummies (D:2)
  13 bats
  7 giant newts
  A hobgoblin zombie (D:8)
  24 kobolds
  A kobold skeleton (D:4)
  A kobold zombie (D:5)
  An orc skeleton (D:8)
  3 orc zombies
  14 rats
  A ballistomycete (D:6)
  2 fungi (Lair:1)
  5 plants
352 creatures vanquished.

Vanquished Creatures (others)
  2 giant spores
  An orc zombie (D:5)
3 creatures vanquished.

Grand Total: 355 creatures vanquished

Notes
Turn   | Place    | Note
--------------------------------------------------------------
     0 | D:1      | Chiseanne, the Minotaur Wanderer, began the quest for the Orb.
     0 | D:1      | Reached XP level 1. HP: 16/16 MP: 2/2
   465 | D:1      | Reached XP level 2. HP: 23/23 MP: 2/2
  1097 | D:1      | Learned a level 1 spell: Sandblast
  1181 | D:2      | Reached skill level 3 in Dodging
  1255 | D:2      | Reached XP level 3. HP: 25/28 MP: 3/3
  1337 | D:2      | Found an iron altar of Okawaru.
  1377 | D:2      | Became a worshipper of Warmaster Okawaru
  1893 | D:2      | Reached XP level 4. HP: 25/35 MP: 3/3
  2878 | D:3      | Noticed Chiseanne's ghost (average DgAr)
  2887 | D:3      | Reached skill level 4 in Dodging
  3437 | D:4      | Found a shimmering altar of Xom.
  3443 | D:4      | Found a blossoming altar of Fedhas.
  3632 | D:3      | Reached XP level 5. HP: 37/41 MP: 3/3
  3997 | D:4      | Noticed a phantom
  4040 | D:5      | Entered Level 5 of the Dungeon
  4155 | D:5      | Reached skill level 1 in Short Blades
  4331 | D:5      | Reached skill level 1 in Spellcasting
  4425 | D:5      | Acquired Okawaru's first power
  4425 | D:5      | Reached XP level 6. HP: 50/50 MP: 6/6
  4430 | D:5      | Reached skill level 5 in Dodging
  4499 | D:5      | Found a staircase to the Ecumenical Temple.
  4505 | Temple   | Entered the Ecumenical Temple
  4754 | D:5      | Reached skill level 1 in Earth Magic
  5189 | D:5      | Reached skill level 5 in Shields
  5373 | D:5      | Reached XP level 7. HP: 33/56 MP: 6/6
  5551 | D:5      | Found an ancient bone altar of Kikubaaqudgha.
  5551 | D:5      | Found a glowing golden altar of the Shining One.
  6204 | D:4      | Noticed an ogre
  6215 | D:4      | Killed an ogre
  6321 | D:4      | Learned a level 2 spell: Stoneskin
  6581 | D:6      | Learned a level 3 spell: Passwall
  6714 | D:6      | Reached skill level 1 in Axes
  6714 | D:6      | Reached skill level 1 in Armour
  6714 | D:6      | Reached skill level 6 in Shields
  6714 | D:6      | Reached XP level 8. HP: 54/63 MP: 7/7
  6777 | D:6      | Noticed Blork the orc
  6794 | D:6      | Killed Blork the orc
  6893 | D:6      | Noticed Sigmund
  6909 | D:6      | Killed Sigmund
  7385 | D:6      | Noticed Crazy Yiuf
  7398 | D:6      | Killed Crazy Yiuf
  7582 | D:6      | HP: 2/66 [something (4)]
  8066 | D:7      | Found Xoptood's Food Emporium.
  8142 | D:7      | Got a crude dagger
  8162 | D:7      | Identified the +7,+4 dagger of Pyromania {stab, rElec SInv} (You took it off a gnoll on level 7 of the Dungeon)
  8166 | D:7      | Bought a choko for 4 gold pieces
  8166 | D:7      | Bought a slice of pizza for 18 gold pieces
  8166 | D:7      | Bought a pear for 8 gold pieces
  8166 | D:7      | Bought an apple for 8 gold pieces
  8207 | D:7      | Noticed Ijyb
  8219 | D:7      | Killed Ijyb
  8299 | D:7      | Reached skill level 7 in Shields
  8434 | D:7      | Noticed a troll
  8448 | D:7      | Killed a troll
  8448 | D:7      | Reached XP level 9. HP: 72/72 MP: 8/11
  8505 | D:7      | Learned a level 3 spell: Stone Arrow
  8525 | D:7      | Paralysed by a potion of paralysis for 3 turns
  9034 | D:7      | Found a deep blue altar of Sif Muna.
  9600 | D:7      | Reached skill level 8 in Shields
  9666 | D:8      | Noticed Duvessa
  9683 | D:8      | Killed Duvessa
  9689 | D:8      | Noticed Dowan
  9720 | D:8      | Killed Dowan
  9823 | D:8      | Noticed Joseph
  9841 | D:8      | Killed Joseph
  9841 | D:8      | Reached skill level 5 in Fighting
 10013 | D:8      | Found a bloodstained altar of Trog.
 10101 | D:8      | Noticed wojtek's ghost (experienced MiFi)
 10364 | D:8      | Paralysed by a giant eyeball for 3 turns
 10717 | D:8      | Found a radiant altar of Vehumet.
 11055 | D:8      | Noticed Eustachio
 11070 | D:8      | Killed Eustachio
 11164 | D:8      | Reached XP level 10. HP: 72/81 MP: 12/12
 11186 | D:8      | Reached skill level 9 in Shields
 11207 | D:8      | Reached skill level 5 in Short Blades
 11414 | D:8      | Found a burning altar of Makhleb.
 11414 | D:8      | Noticed a balrug
 11501 | D:8      | Killed wojtek's ghost
 12318 | D:9      | Paralysed by a giant eyeball for 2 turns
 12727 | D:9      | Reached skill level 5 in Axes
 12763 | D:9      | Got a smoking crossbow
 12803 | D:9      | Paralysed by a giant eyeball for 3 turns
 13061 | D:8      | Acquired Okawaru's second power
 13584 | D:8      | Identified the +5,+10 crossbow "Sejooluvam" {frost, Int+4 Stlth++} (You found it on level 9 of the Dungeon)
 13633 | D:9      | Reached skill level 5 in Armour
 13743 | D:9      | Noticed Pikel
 13753 | D:9      | Killed Pikel
 13786 | D:9      | Reached skill level 10 in Dodging
 13885 | D:10     | Entered Level 10 of the Dungeon
 14083 | D:10     | Reached skill level 10 in Shields
 14158 | D:10     | Killed an unseen horror
 14158 | D:10     | Received a gift from Okawaru
 14158 | D:10     | Reached XP level 11. HP: 28/91 MP: 12/12
 14161 | D:10     | Got a polished scale mail {god gift}
 14420 | D:10     | Identified the +2 scale mail of the Farrier {god gift, Dex+2} (Okawaru gifted it to you on level 10 of the Dungeon)
 14815 | D:11     | Found a staircase to the Lair.
 15269 | Lair:1   | Entered Level 1 of the Lair of Beasts
 15478 | Lair:1   | Gained mutation: Your mind is acute. (Int +2) [potion of beneficial mutation]
 15600 | Lair:1   | Noticed an eight-headed hydra
 15612 | Lair:1   | HP: 3/92 [eight-headed hydra (2)]
 15616 | Lair:1   | Slain by an eight-headed hydra

Action                   |  1- 3 |  4- 6 |  7- 9 | 10-12 || total
-------------------------+-------+-------+-------+-------++-------
Melee: Falchion          |   131 |   153 |     3 |       ||   287
       Short sword       |       |   128 |   324 |    22 ||   474
       War axe           |       |       |    68 |   262 ||   330
       Dagger            |       |       |   114 |    53 ||   167
       Broad axe         |       |       |    27 |   143 ||   170
       Mace              |       |       |       |    24 ||    24
       Whip              |       |       |       |     9 ||     9
Throw: Tomahawk          |     1 |       |       |       ||     1
       Javelin           |       |       |     6 |    13 ||    19
Invok: Heroism           |       |       |    13 |     8 ||    21
Evoke: Wand              |       |     2 |    23 |     2 ||    27
       stone of tremors  |       |       |       |     1 ||     1
  Use: Scroll            |       |    18 |    14 |     8 ||    40
       Potion            |       |     2 |    13 |     8 ||    23
